 Dungeon Crawl Stone Soup version 0.31.0-12-g77e489cdc1 (webtiles) character file.

Game seed: 3494311530517948687

23785 RancidPinata the Fighter (level 13, -5/84 HPs)
             Began as a Gargoyle Gladiator on Feb 21, 2024.
             Was a Believer of Elyvilon.
             Slain by a jumping spider (7 damage)
             ... in a Gauntlet on Feb 22, 2024.
             The game lasted 01:23:58 (17972 turns).

RancidPinata the Fighter (Gargoyle Gladiator)      Turns: 17972, Time: 01:23:59

Health: -5/84      AC: 23    Str: 25    XL:     13   Next: 8%
Magic:  13/13      EV: 14    Int: 10    God:    Elyvilon [**....]
Gold:   989        SH:  0    Dex: 13    Spells: 12/12 levels left

rFire   . . .        F - +6 mace (heavy)
rCold   . . .        (no shield)
rNeg    + . .        f - +4 acid dragon scales
rPois   ∞            c - +0 helmet
rElec   +            L - scarf {shadows}
rCorr   +            b - +2 pair of gloves "Awuluycw" {Str+5}
SInv    .            (no boots)
Will    .....        D - amulet of the acrobat
Stlth   ++++         r - +4 ring of protection
HPRegen 0.34/turn    T - ring of resist corrosion
MPRegen 0.13/turn

%: no teleportation, acrobat
@: corroded
A: sickness immunity, AC +9, negative energy resistance 1, electricity
resistance, torment resistance 1, petrification resistance
a: Renounce Religion, Purification, Heal Other


You were in a Gauntlet.
You worshipped Elyvilon.
Elyvilon was pleased with you.
You visited 3 branches of the dungeon, and saw 14 of its levels.
You also visited: Gauntlet.

You collected 1132 gold pieces.
You spent 143 gold pieces at shops.

Inventory:

Hand Weapons
 x - a +4 flail of freezing
 F - a +6 heavy mace (weapon)
Missiles
 d - 3 throwing nets (quivered)
 e - a javelin
 i - 8 stones
 j - 10 atropa-tipped darts
 t - 6 curare-tipped darts
 y - 10 boomerangs
 H - 6 poisoned darts
Armour
 b - the +2 pair of gloves "Awuluycw" (worn) {Str+5}
   (You found it on level 2 of the Dungeon)

   Str+5:     It affects your strength (+5).
 c - a +0 helmet (worn)
 f - +4 acid dragon scales (worn)
 h - the +2 cloak "Zopt" {Will+ Slay+2}
   (You found it in a Gauntlet)

   Slay+2:    It affects your accuracy & damage with ranged weapons and melee
   (+2).
   Will+:     It increases your willpower.
 L - a scarf of shadows (worn)
Jewellery
 k - a ring of ice
 r - a +4 ring of protection (left hand)
 D - an amulet of the acrobat (around neck)
 O - a ring of protection from cold
 T - a ring of resist corrosion (right hand)
Wands
 a - a wand of charming (4)
 M - a wand of polymorph (12)
 Q - a wand of roots (4)
 U - a wand of flame (30)
Scrolls
 B - a scroll of vulnerability {unknown}
 C - a scroll of revelation
 E - a scroll of amnesia {unknown}
 J - 2 scrolls of teleportation
 P - a scroll of poison {unknown}
 V - a scroll of silence {unknown}
 W - 2 scrolls of blinking {unknown}
Potions
 g - 3 potions of magic
 l - 3 potions of enlightenment
 n - 2 potions of might
 s - a potion of brilliance {unknown}
 w - 4 potions of curing
 z - a potion of resistance {unknown}
 I - a potion of mutation {unknown}
 K - a potion of cancellation
 S - a potion of lignification


   Skills:
 * Level 11.4 Fighting
 * Level 10.8 Maces & Flails
 + Level 7.1 Throwing
 * Level 11.2 Armour
 + Level 6.5 Dodging
 + Level 8.6 Stealth


You had 12 spell levels left.
You didn't know any spells.
Your spell library contained the following spells:

 Spells                   Type           Power      Damage    Failure   Level
 Sandblast                Erth           0%         2d4       41%         1
 Mercury Vapours          Alch/Air       0%         N/A       54%         2
 Call Canine Familiar     Summ           0%         N/A       78%         3
 Dazzling Flash           Conj/Hex       0%         N/A       78%         3
 Mephitic Cloud           Conj/Alch/Air  0%         N/A       78%         3
 Passwall                 Erth           0%         N/A       78%         3
 Sigil of Binding         Hex            0%         N/A       78%         3
 Stone Arrow              Conj/Erth      0%         3d7       78%         3
 Animate Armour           Summ/Erth      0%         N/A       99%         4
 Brom's Barrelling Bould  Conj/Erth      0%         2d3       99%         4
 Dimensional Bullseye     Hex/Tloc       0%         N/A       99%         4
 Iskenderun's Mystic Bla  Conj/Tloc      0%         2d3       99%         4
 Summon Lightning Spire   Summ/Air       0%         N/A       99%         4
 Freezing Cloud           Conj/Ice/Air   0%         6-21      100%        5
 Lee's Rapid Deconstruct  Erth           0%         3d4*      100%        5
 Bombard                  Conj/Erth      0%         9d1       100%        6


Dungeon Overview and Level Annotations

Branches:
Dungeon (10/15)            Temple (1/1) D:6            Lair (3/5) D:9
  Swamp (0/4) Lair:3        Snake (0/4) Lair:3      Gauntlet (1/1)
    Orc: D:9-12

Altars:
Ashenzari
Cheibriados
Dithmenos
Elyvilon
Fedhas
Gozag
Hepliaklqana
Kikubaaqudgha
Makhleb
Nemelex Xobeh
Okawaru
Qazlal
Ru
Sif Muna
Trog
Uskayaw
Vehumet
Wu Jian
Yredelemnul
Zin
The Shining One

Shops:
D:4 *   D:6 *   D:9 (=

Annotations:
D:5 2 transporters
D:8 4 transporters
Lair:1 2 transporters Gauntlet 8 transporters, 1 runed translucent door, exclusion: obsidian statue


Innate Abilities, Weirdness & Mutations

You are immune to sickness and miasma.
Your stone body is resilient. (AC +9)
You are immune to poison.
You resist negative energy. (rN+)
You are resistant to electric shocks. (rElec)
You are resistant to unholy torment.
You are immune to petrification.


Message History

The jumping spider barely misses you. The jumping spider bites you.
You closely miss the entropy weaver.
The entropy weaver is severely wounded.
The entropy weaver hits you!
* * * LOW HITPOINT WARNING * * *
The entropy weaver completely misses you.
The entropy weaver hits you but does no damage.
The entropy weaver hits you.
* * * LOW HITPOINT WARNING * * *
The jumping spider pounces on you but does no damage.
The jumping spider bites you but does no damage.
The entropy weaver hits you but does no damage. x2
The entropy weaver hits you.
* * * LOW HITPOINT WARNING * * *
The entropy weaver hits you but does no damage.
The jumping spider barely misses you.
The jumping spider bites you but does no damage.
You feel much better. The entropy weaver hits you! The entropy weaver hits you.
The entropy weaver hits you!
* * * LOW HITPOINT WARNING * * *
The entropy weaver closely misses you. The jumping spider pounces on you!
* * * LOW HITPOINT WARNING * * *
The jumping spider barely misses you.
Unknown command.
You bludgeon the entropy weaver!!
You kill the entropy weaver!
The jumping spider misses you.
The jumping spider bites you but does no damage.
The jumping spider pounces on you!
* * * LOW HITPOINT WARNING * * *
You are caught in a web!
The jumping spider barely misses you. The jumping spider pounces on you!
Elyvilon protects you from harm!
The jumping spider bites you but does no damage.
The jumping spider barely misses you.
The jumping spider bites you but does no damage.
You sock the jumping spider!
The jumping spider is moderately wounded.
The jumping spider pounces on you!
You die...

##≈.#.......#...#.8.##,**
##.#.8.8.⌠.#...#.©.#*,,,
##≈.#^.....^#.8.#.8.##,**
#≈≈.#.#.©.#.#.∩.#.©...,**
##≈.#^.....^#.8.#.8.##,**
##.#.#.#.#.#...#.©.#*,,,
##≈.#...s.!.#...#.8.#*,**
#≈≈.#########.8.#.©...,**
##≈....#@s.8#.⌠.#.8.##,**
##..8.#...©#.8.#...#*,,,
##≈....#©..8#...#...#****
#≈≈.#########...#≈≈≈#
##≈.#.##....#..###≈#*
##.#..##.8##.## *##
##≈.#...#.###.≈##
#≈≈.#©##.##.#.≈≈#
##≈.###.#...#.≈##


You could see an obsidian statue and 2 jumping spiders.

Vanquished Creatures
  Fannar (Lair:1)
  An entropy weaver (Gauntlet)
  2 catoblepae
  A centaur warrior (D:10)
  A two-headed ogre (D:9)
  Lodul (D:10)
  2 deep elf pyromancers (D:8)
  5 elephants
  3 black mambas
  Joseph (Lair:1)
  2 cane toads
  Maggie (D:10)
  2 gargoyles (Gauntlet)
  3 komodo dragons
  5 hornets
  Prince Ribbit (D:5)
  7 blink frogs
  5 wyverns
  A shadow (D:10)
  32 yaks
  3 basilisks
  2 vampires
  A steam dragon (D:7)
  Menkaure (D:5)
  Duvessa (D:5)
  9 water moccasins
  2 ice beasts
  2 orc warriors
  A sky beast (D:8)
  4 black bears
  7 ogres
  A phantom (D:4)
  A kobold brigand (D:6)
  Blork the orc (D:6)
  7 bullfrogs
  13 wights
  Dowan (D:5)
  8 killer bees
  2 electric eels (Lair:2)
  2 jellies
  3 hounds
  2 bombardier beetles
  3 orc priests
  2 gnoll boudas
  2 orc wizards (D:6)
  2 iguanas (D:4)
  11 gnolls
  An adder (D:4)
  A shadow imp (D:6)
  2 white imps
  2 ufetubi (D:6)
  8 ribbon worms
  A dart slug (D:1)
  15 orcs
  6 ball pythons
  8 bats
  7 endoplasms
  2 giant cockroaches (D:2)
  8 hobgoblins
  4 jackals (D:1)
  4 kobolds
  4 quokkas
  2 frilled lizards
  3 goblins
  A rat (D:1)
250 creatures vanquished.

Vanquished Creatures (others)
  A deep elf pyromancer (D:8)
  A white imp (D:7)
2 creatures vanquished.

Grand Total: 252 creatures vanquished

Notes
Turn   | Place    | Note
-------+----------+-------------------------------------------
     0 | D:1      | RancidPinata the Gargoyle Gladiator began the quest for the
                  | Orb.
     0 | D:1      | Reached XP level 1. HP: 12/12 MP: 1/1
   312 | D:2      | Reached XP level 2. HP: 18/18 MP: 2/2
   952 | D:2      | Identified the +2 pair of gloves "Awuluycw" {Str+5}
  1079 | D:1      | Reached skill level 1 in Armour
  1266 | D:1      | Reached skill level 1 in Stealth
  1291 | D:1      | Reached XP level 3. HP: 10/22 MP: 3/3
  1765 | D:3      | Found a shadowy altar of Dithmenos.
  2214 | D:3      | Found a faded altar of an unknown god.
  2354 | D:3      | Found a burning altar of Makhleb.
  2548 | D:4      | Reached XP level 4. HP: 25/27 MP: 4/4
  2699 | D:3      | Reached XP level 5. HP: 31/32 MP: 5/5
  2777 | D:3      | Reached XP level 6. HP: 29/38 MP: 6/6
  3031 | D:4      | Found an ornate altar of the Wu Jian Council.
  3065 | D:4      | Reached XP level 7. HP: 33/43 MP: 7/7
  3220 | D:4      | Found Zaghunn's General Store.
  3702 | D:4      | Bought a scroll of identify for 26 gold pieces
  3702 | D:4      | Bought a scroll of identify for 26 gold pieces
  3702 | D:4      | Bought a potion of heal wounds for 65 gold pieces
  3702 | D:4      | Bought a scroll of identify for 26 gold pieces
  3815 | D:5      | Entered Level 5 of the Dungeon
  3978 | D:5      | Noticed Menkaure
  4119 | D:5      | Found a transporter.
  4166 | D:5      | Killed Menkaure
  4349 | D:6      | Reached skill level 5 in Maces & Flails
  4504 | D:5      | Found a transporter.
  4740 | D:5      | Reached XP level 8. HP: 42/48 MP: 8/8
  4797 | D:5      | Noticed Prince Ribbit
  4806 | D:5      | Reached skill level 5 in Fighting
  4819 | D:5      | Killed Prince Ribbit
  5104 | D:5      | Noticed Duvessa
  5104 | D:5      | Noticed Dowan
  5184 | D:5      | Killed Duvessa
  5185 | D:5      | Reached skill level 5 in Armour
  5198 | D:5      | Killed Dowan
  5587 | D:6      | Found a staircase to the Ecumenical Temple.
  5588 | D:6      | Noticed Blork the orc
  5604 | D:6      | Killed Blork the orc
  5851 | Temple   | Entered the Ecumenical Temple
  6069 | D:6      | Reached XP level 9. HP: 55/55 MP: 9/9
  6284 | D:6      | Found Okoppes's Elemental Accessories.
  7161 | D:7      | Found a broken altar of Ashenzari.
  7697 | D:7      | You fall into a shaft and drop 1 floor!
  7714 | D:8      | Found a transporter.
  7716 | D:8      | Found a transporter.
  7718 | D:8      | Found a transporter.
  7719 | D:8      | Found a transporter.
  7775 | D:8      | Noticed a deep elf pyromancer
  7802 | D:8      | Reached skill level 5 in Stealth
  7865 | D:8      | Noticed a deep elf pyromancer
  8104 | D:8      | Killed a deep elf pyromancer
  8105 | D:8      | Reached XP level 10. HP: 63/63 MP: 10/10
  8586 | D:8      | Reached skill level 5 in Throwing
  9050 | D:8      | Killed a deep elf pyromancer
  9137 | D:8      | Noticed a deep elf pyromancer
  9280 | D:8      | Killed a deep elf pyromancer
  9331 | D:8      | Got the Commentary on the Door and Attacks
  9514 | D:9      | Noticed a +0 giant spiked club
  9516 | D:9      | Found Xesosil's Weapon Shoppe.
  9521 | D:9      | Noticed a +0 demon whip
  9670 | D:9      | Found Nug Fausk's Jewellery Emporium.
  9685 | D:9      | Noticed a two-headed ogre
  9742 | D:9      | Reached skill level 5 in Dodging
 10034 | D:9      | Found a white marble altar of Elyvilon.
 10548 | D:9      | Found a staircase to the Lair.
 10564 | D:9      | Reached XP level 11. HP: 28/69 MP: 11/11
 10739 | D:9      | Found a blossoming altar of Fedhas.
 10740 | D:9      | Found a hazy altar of Hepliaklqana.
 10862 | D:9      | Found a glowing golden altar of the Shining One.
 11167 | D:10     | Entered Level 10 of the Dungeon
 11272 | D:10     | Noticed a centaur warrior
 11328 | D:10     | Noticed Lodul
 11535 | D:10     | Found a bloodstained altar of Trog.
 11800 | D:9      | Killed a two-headed ogre
 12168 | Lair:1   | Entered Level 1 of the Lair of Beasts
 12168 | Lair:1   | Noticed Joseph
 12849 | Lair:1   | Killed Joseph
 13202 | Lair:1   | Noticed Fannar
 13253 | Lair:1   | Found a transporter.
 13281 | Lair:1   | Found a transporter.
 13410 | D:9      | Became a worshipper of Elyvilon the Healer
 13589 | D:10     | Noticed Maggie
 13603 | D:10     | Killed Maggie
 14090 | D:10     | Killed a centaur warrior
 14469 | D:10     | Killed Lodul
 14475 | D:10     | Reached skill level 10 in Fighting
 14789 | Lair:1   | Reached XP level 12. HP: 77/77 MP: 12/12
 14835 | Lair:1   | Reached skill level 10 in Armour
 15665 | Lair:1   | Killed Fannar
 15790 | Lair:2   | Reached skill level 10 in Maces & Flails
 15803 | Lair:2   | Reached * piety under Elyvilon
 16657 | Lair:2   | Noticed a catoblepas
 16667 | Lair:2   | Killed a catoblepas
 17009 | Lair:2   | Reached ** piety under Elyvilon
 17250 | Lair:3   | Found a gate leading to a gauntlet.
 17255 | Gauntlet | Entered a Gauntlet
 17255 | Gauntlet | Found a transporter.
 17267 | Gauntlet | Found a transporter.
 17268 | Gauntlet | Found a transporter.
 17272 | Gauntlet | Noticed a catoblepas
 17272 | Gauntlet | Found a runed translucent door.
 17272 | Gauntlet | Found a runed translucent door.
 17273 | Gauntlet | Found a transporter.
 17273 | Gauntlet | Found a runed translucent door.
 17280 | Gauntlet | Found a transporter.
 17284 | Gauntlet | Found a transporter.
 17289 | Gauntlet | Noticed an entropy weaver
 17290 | Gauntlet | Found a transporter.
 17295 | Gauntlet | Found a transporter.
 17299 | Gauntlet | Found a transporter.
 17304 | Gauntlet | Found a transporter.
 17311 | Gauntlet | Found a transporter.
 17315 | Gauntlet | Found a transporter.
 17317 | Gauntlet | Noticed a death scarab
 17321 | Gauntlet | Found a transporter.
 17326 | Gauntlet | Noticed a death scarab
 17329 | Gauntlet | Found a transporter.
 17763 | Gauntlet | Killed a catoblepas
 17764 | Gauntlet | Reached XP level 13. HP: 33/84 MP: 13/13
 17952 | Gauntlet | Identified the +2 cloak "Zopt" {Will+ Slay+2}
 17970 | Gauntlet | Killed an entropy weaver
 17970 | Gauntlet | HP: 2/84 [jumping spider (7)]
 17971 | Gauntlet | Elyvilon protects you from harm!
 17972 | Gauntlet | Slain by a jumping spider

Illustrated notes

Levels and vault maps discovered:
D:1:      eino_arrival_druids_welcome, layout_rooms, hex_large
D:2:      layout_loops_cross
D:3:      layout_loops_ring, mainiacjoe_overflow_six_doors_small,
          lightli_temple_of_fire, ebering_ecumenical_altar_box
D:4:      minmay_door_path, layout_cave_pools, mainiacjoe_overflow_alcove_1,
          serial_shops, nicolae_shop_temple_entry_statues_fountains
D:5:      gammafunk_wand_slinger, layout_basic, nicolae_wormholes, uniq_duvessa,
          uniq_menkaure, uniq_prince_ribbit1
D:6:      layout_basic, temple_pool_b, nicolae_elemental_shop, hex_intersection,
          st_stairs_2, chequers_serial_rivers_small_a, minmay_misc_feat_tiny,
          uniq_blork_the_orc
D:7:      layout_rooms, mainiacjoe_overflow_alcove_2,
          mainiacjoe_overflow_concentric_impassable
D:8:      layout_rooms, serial_library, serial_library_hellmonk_reading_circle,
          serial_library_hellmonk_hallway_a,
          serial_library_hellmonk_open_square, serial_library_hellmonk_h_bend,
          serial_library_hellmonk_filled_rooms,
          serial_library_hellmonk_secret_room,
          serial_library_regret_index_headful, nicolae_diode_intersection
D:9:      layout_loops_ring, tso_oasis_becter, amethyst_overflow_temple_binary,
          nicolae_overflow_hidden_temple, lair_entry_dummy, serial_shops,
          nicolae_shop_mannequins, nicolae_shop_stone
D:10:     layout_loops_cross, trog_three_pillars_becter, grunt_ogre_cave,
          uniq_maggie, uniq_lodul
Temple:   minmay_temple_bridge_abc
Lair:1:   gammafunk_worm_tunnel, layout_cave_pods,
          grunt_forest_small_clearing_treed, uniq_fannar, uniq_joseph
Lair:2:   layout_loops_ring, dpeg_stationary_puzzle, grunt_megastairs_5
Lair:3:   layout_regular_city, palyth_hydra_swamp_entry,
          guppyfry_snake_entry_island, gauntlet_entry_generic
Gauntlet: gammafunk_gauntlet_77_escape_option [minmay_gauntlet_arena_77_path,
          minmay_gauntlet_arena_77_shame_cube, minmay_gauntlet_arena_77_museum,
          minmay_gauntlet_arena_77_fan,
          minmay_gauntlet_arena_77_radiant_squares, gauntlet_exit_watery]

Skill      XL: |  1  2  3  4  5  6  7  8  9 10 11 12 |
---------------+-------------------------------------+-----
Armour         | 1 2 3 4 5 7 8 9 11 | 11.2
Stealth        | 1 2 3 4 5 6 7 8 |  8.6
Throwing       | 2 3 4 5 6 7 |  7.1
Fighting       | 3 4 6 7 8 10 11 | 11.4
Maces & Flails | 4 5 6 7 8 9 10 | 10.8
Dodging        | 3 4 5 6 |  6.5

Action                     |  1- 3 |  4- 6 |  7- 9 | 10-12 | 13-15 || total
---------------------------+-------+-------+-------+-------+-------++-------
  Melee: Flail             |   119 |    76 |   195 |   476 |       ||   866
         Mace              |       |       |    66 |   178 |    18 ||   262
         Punch             |       |       |     2 |    12 |       ||    14
  Throw: Dart              |       |       |     5 |       |       ||     5
         Throwing net      |       |       |       |     2 |       ||     2
    Use: Scroll            |       |       |       |    21 |       ||    21
         Potion            |       |       |       |     5 |     3 ||     8
   Stab: Sleeping          |     1 |       |     1 |    10 |       ||    12
         Distracted        |       |       |     1 |     1 |       ||     2
 Armour: Leather armour    |    23 |       |       |       |       ||    23
         Ring mail         |    80 |    69 |   236 |   304 |       ||   689
         Acid dragon scale |       |       |       |   213 |    85 ||   298
  Dodge: Dodged            |    94 |    78 |   240 |   471 |    58 ||   941
